 Dungeon Crawl Stone Soup version 0.28.0-49-g6dfe1f597d (webtiles) character file.

Game seed: 6722631406718678581

52 Peloso the Shield-Bearer (level 3, -1/33 HPs)
             Began as a Minotaur Fighter on May 17, 2022.
             Slain by an orc priest
             ... wielding a +0 hand axe
              (3 damage)
             ... on level 2 of the Dungeon.
             The game lasted 00:01:34 (1092 turns).

Peloso the Shield-Bearer (Minotaur Fighter)         Turns: 1092, Time: 00:01:34

Health: -1/33      AC:  7    Str: 18 (20) XL:     3   Next: 60%
Magic:  2/2        EV:  9    Int:  4 (5)  God:
Gold:   93         SH:  4    Dex: 11      Spells: 2/2 levels left

rFire   . . .      SeeInvis .   a - +0 long sword
rCold   . . .      Faith    .   c - +0 buckler
rNeg    . . .      Spirit   .   b - +0 scale mail
rPois   +          Reflect  .   (helmet restricted)
rElec   .          Harm     .   (no cloak)
rCorr   .          Rampage  .   (no gloves)
Will    .....                   (no boots)
Stlth   ..........              (no amulet)
HPRegen 0.11/turn               e - ring of poison resistance
MPRegen 0.08/turn               (no ring)

@: no status effects
A: horns 2, retaliatory headbutt
a: no special abilities


You were on level 2 of the Dungeon.
You visited 1 branch of the dungeon, and saw 2 of its levels.

You collected 93 gold pieces.

Inventory:

Hand Weapons
 a - a +0 long sword (weapon)
Armour
 b - a +0 scale mail (worn)
 c - a +0 buckler (worn)
Jewellery
 e - a ring of poison resistance (left hand)
Potions
 d - a potion of might


   Skills:
 + Level 4.2 Fighting
 + Level 3.0 Long Blades
 + Level 4.2 Armour
 + Level 0.2 Dodging
 + Level 4.3 Shields


You had 2 spell levels left.
You didn't know any spells.
Your spell library was empty.

Dungeon Overview and Level Annotations

Branches:
Dungeon (2/15)

Altars:


Innate Abilities, Weirdness & Mutations

You have a pair of horns on your head.
You reflexively headbutt those who attack you in melee.


Message History

An adder comes into view.
Found 6 gold pieces.
Found a stone staircase leading down.
The adder hisses angrily.
You slash the orc!
You kill the orc!
You feel your dexterity returning.
You see here a +0 hand axe.
You hit the adder.
The adder is lightly wounded.
You block the adder's attack.
An orc priest comes into view. It is wielding a +0 hand axe.
The adder bites you but does no damage.
You miss the adder.
The adder is lightly wounded.
The orc priest shouts!
The adder misses you. You block the orc priest's attack.
You slash the adder!
You kill the adder!
The orc priest misses you.
Your Long Blades skill increases to level 3!
You see here an adder corpse.
You hit the orc priest.
The orc priest is moderately wounded.
The orc priest calls down the wrath of Beogh upon you.
Beogh smites you!
You barely miss the orc priest.
The orc priest is moderately wounded.
The orc priest hits you with a +0 hand axe.
You closely miss the orc priest.
The orc priest is moderately wounded.
The orc priest mumbles some strange prayers to Beogh against you.
Beogh smites you!
* * * LOW HITPOINT WARNING * * *
The orc priest misses you. You furiously retaliate!
You headbutt the orc priest, but do no damage.
Okay, then.
You barely miss the orc priest. You headbutt the orc priest.
The orc priest is severely wounded.
The orc priest hits you with a +0 hand axe.
You die...

##...# .....##
....$# .>... ...#
#. #..#####..######
# #..............##
#. #@# #.o......#
#.##o# # #..# ##
#.#.#.# #..#
#####.###...)###
#..#
.......#.....[..#
##..###
#######.#.#######.#
#.....#
.......#......# #
#.###.# #$#####.#
###.# #.# #.# #.#
#...###)#


You could see an orc priest.

Vanquished Creatures
  An adder (D:2)
  4 orcs (D:2)
  2 endoplasms (D:2)
  6 giant cockroaches
  3 hobgoblins (D:1)
  4 quokkas
  2 ball pythons (D:1)
  3 bats
  3 frilled lizards
  3 goblins
  3 rats (D:1)
34 creatures vanquished.

Notes
Turn   | Place    | Note
-------+----------+-------------------------------------------
     0 | D:1      | Peloso the Minotaur Fighter began the quest for the Orb.
     0 | D:1      | Reached XP level 1. HP: 19/19 MP: 0/0
   309 | D:1      | Reached XP level 2. HP: 27/27 MP: 1/1
   913 | D:2      | Reached XP level 3. HP: 32/33 MP: 2/2
  1092 | D:2      | Slain by an orc priest

Illustrated notes

Levels and vault maps discovered:
D:1:      nicolae_arrival_somewhat_less_tricky_arrival, layout_loops_cross
D:2:      layout_loops_ring, dreamdust_ecumenical_altar_sealed_demon,
          chequers_serial_rivers_room_b

Skill      XL: |  1  2  3 |
---------------+----------+-----
Fighting       | 4 |  4.2
Shields        | 4 |  4.3
Armour         | 4 |  4.2
Long Blades    | 3 |  3.0
Dodging        | |  0.2

Action                   || total
-------------------------++-------
Melee: Long sword        ||    67
       Headbutt          ||     7
  Use: Scroll            ||     2
       Potion            ||     1
Armor: Scale mail        ||    24
Dodge: Dodged            ||    20
Block: Buckler           ||    19
